Punishers vs Devils
Created - May 15, 2022 at 21:23
Goals
|
| Punishers |
1 |
0 |
0 |
1 |
| Devils |
0 |
0 |
2 |
2 |
|
Shots
|
| Punishers |
14 |
4 |
14 |
32 |
| Devils |
14 |
7 |
9 |
30 |
|
1st period
1. Punishers , Tyler Bertuzzi 39 (Carter Ashton 25, Radek Faksa 49) at 13:44
Penalties :
Alexander Nylander (Pro) for Hooking (Minor) at 1:29
2nd period
No Goal
Penalties :
Connor Clifton (Pro) for Goalie Interference (Minor) at 5:10, Ben Betker (Pro) for Cross-checking (Minor) at 12:14, Connor Clifton (Pro) for Roughing (Minor) at 17:21
3rd period
2. Devils , Darren Dietz 7 (Reid Boucher 9) at 5:59 (PP)
3. Devils , Alan Quine 31 (Christian Wolanin 9) at 15:03
Penalties :
Anton Blidh (Pro) for Holding (Minor) at 5:06, Austen Brassard (Pro) for Hooking (Minor) at 6:37
Goalie Stats
Daniel Altshuller (Pro), 28 saves from 30 shots - (0.933), L, 4-8-1, 58:58 minutes
Calvin Pickard (Bin), 31 saves from 32 shots - (0.969), W, 23-23-3, 60:00 minutes
Players Stats for Punishers
Player Name G A P +/- PIM S H SB GA TA FO MP PP MP PK MP
------------------------------------------------------------------------------------
Alex Schoenborn 0 0 0 0 0 0 1 0 1 0 0/0 7:18 0:00 0:12
Alexander Nylander 0 0 0 0 2 0 0 0 0 0 0/0 2:50 0:00 0:00
Anton Blidh 0 0 0 0 2 1 1 0 0 0 0/0 18:03 0:00 1:47
Artem Zub 0 0 0 0 0 4 3 1 0 2 0/0 26:13 0:00 5:37
Austen Brassard 0 0 0 0 2 0 5 0 0 0 0/0 14:17 0:00 0:00
Austin Wagner 0 0 0 0 0 0 0 0 0 0 0/0 0:00 0:00 0:00
Beck Malenstyn 0 0 0 0 0 0 0 0 0 0 0/0 1:42 0:00 1:28
Ben Betker 0 0 0 0 2 1 4 2 1 1 0/0 25:23 0:00 5:08
Carter Ashton 0 1 1 0 0 4 4 0 0 0 0/0 20:45 0:00 3:31
Chrstian Dvorak 0 0 0 0 0 7 3 0 0 0 0/0 17:31 0:00 3:31
Connor Clifton 0 0 0 0 4 0 0 1 0 1 0/0 18:48 0:00 3:32
Daniel Audette 0 0 0 0 0 1 1 0 0 3 3/9 11:36 0:00 0:19
Fredrik Claesson 0 0 0 0 0 0 5 1 1 0 0/0 20:38 0:00 5:35
Gabriel Gagne 0 0 0 0 0 0 0 0 0 0 0/0 0:00 0:00 0:00
John Quenneville 0 0 0 0 0 3 4 1 0 0 7/14 14:00 0:00 0:00
Michael Joly 0 0 0 0 0 0 1 0 0 0 0/0 11:16 0:00 0:00
Nicolas Roy 0 0 0 0 0 0 1 0 2 0 0/1 6:20 0:00 0:00
Nikita Gusev 0 0 0 0 0 1 2 0 0 0 0/0 11:16 0:00 0:00
Niko Mikkola 0 0 0 0 0 1 2 1 0 0 0/0 15:28 0:00 1:32
Radek Faksa 0 1 1 0 0 5 3 1 1 0 14/25 22:51 0:00 5:30
Tyler Bertuzzi 1 0 1 0 0 4 3 0 0 0 3/11 22:51 0:00 5:30
Players Stats for Devils
Player Name G A P +/- PIM S H SB GA TA FO MP PP MP PK MP
------------------------------------------------------------------------------------
Alan Quine 1 0 1 1 0 4 0 1 1 0 9/16 17:58 4:50 0:00
Ben Hutton 0 0 0 -1 0 2 1 1 1 0 0/0 25:13 5:14 0:00
Brandon Carlo 0 0 0 -1 0 2 0 2 1 2 0/0 24:43 5:14 0:00
Brett Howden 0 0 0 -1 0 0 0 0 0 0 1/1 6:58 0:00 0:00
Brett Seney 0 0 0 0 0 2 0 0 1 0 0/0 12:47 0:17 0:00
Christian Wolanin 0 1 1 1 0 1 0 0 0 0 0/0 12:59 0:00 0:00
Conor Garland 0 0 0 0 0 2 1 1 0 1 0/1 12:48 0:18 0:00
Dalton Thrower 0 0 0 0 0 1 0 1 0 0 0/0 12:50 3:29 0:00
Darren Dietz 1 0 1 1 0 1 3 2 1 0 0/0 19:25 5:34 0:00
Jake Bean 0 0 0 0 0 1 0 0 0 0 0/0 8:49 2:05 0:00
Jonny Brodzinski 0 0 0 -1 0 0 1 0 1 0 0/0 6:58 0:00 0:00
Joonas Donskoi 0 0 0 1 0 2 0 1 0 1 1/1 18:01 4:53 0:00
Logan Shaw 0 0 0 0 0 3 1 1 0 1 1/1 22:13 5:37 0:00
Mason Marchment 0 0 0 -1 0 0 0 0 0 0 0/0 6:58 0:00 0:00
Reid Boucher 0 1 1 0 0 2 1 0 0 0 3/5 12:51 0:21 0:00
Robbie Russo 0 0 0 0 0 1 0 1 0 0 0/0 9:30 0:00 0:00
Sam Bennett 0 0 0 0 0 3 2 0 0 0 14/29 22:13 5:37 0:00
Sven Baertschi 0 0 0 0 0 0 0 2 1 0 2/4 22:13 5:37 0:00
Valeri Nichushkin 0 0 0 1 0 3 1 1 0 0 2/2 18:02 4:54 0:00
Vincent Desharnais 0 0 0 0 0 0 0 0 0 1 0/0 6:31 0:00 0:00
3 Stars
1 - Calvin Pickard (Bin)
2 - Darren Dietz (Bin)
3 - Alan Quine (Bin)
Power Play
Punishers - 0 on 0 Attempt(s) - 0.00%
Devils - 1 on 6 Attempt(s) - 16.67%
Penalty Kill
Punishers - 5 on 6 Attempt(s) - 83.33%
- Score 0 goal in Penalty Kill
Devils - 0 on 0 Attempt(s) - 0.00%
- Score 0 goal in Penalty Kill
Team Stat
Punishers - Hits : 43 - Faceoff Wins : 27 - Blocked Shots : 8 - Penalty Minutes : 12
Devils - Hits : 11 - Faceoff Wins : 33 - Blocked Shots : 14 - Penalty Minutes : 0
Official
Referees : Furman South and Kyle Rehman
Linesman : Devin Berg and Derek Nansen
Game Notes
Dalton Thrower is injured at 16:16 of 2nd period (Left Hip)
Finance
Level 1 -- Attendance: 1778 (88.90%) -- Ticket Income $62,230
Level 2 -- Attendance: 840 (84.00%) -- Ticket Income $12,600
Total Attendance: 2618 (87.27%)
Total Ticket Income: $74,830
Other Income: $3,742
Total Income: $78,572
Punishers
5 vs 5 Forward
Center Left Wing Right Wing Time % Phy DF OF
1 Radek Faksa Tyler Bertuzzi Carter Ashton 40 1 2 2
2 John Quenneville Chrstian Dvorak Austen Brassard 30 1 2 2
3 Daniel Audette Nikita Gusev Michael Joly 20 1 2 2
4 Nicolas Roy Anton Blidh Alex Schoenborn 10 1 2 2
5 vs 5 Defense
Defense Defense Time % Phy DF OF
1 Ben Betker Artem Zub 40 1 2 2
2 Fredrik Claesson Connor Clifton 30 1 2 2
3 Niko Mikkola Anton Blidh 20 1 2 2
4 Ben Betker Artem Zub 10 1 2 2
PowerPlay Forward
Center Left Wing Right Wing Time % Phy DF OF
1 Radek Faksa Tyler Bertuzzi Carter Ashton 60 1 2 2
2 John Quenneville Chrstian Dvorak Austen Brassard 40 1 2 2
PowerPlay Defense
Defense Defense Time % Phy DF OF
1 Ben Betker Artem Zub 60 1 2 2
2 Fredrik Claesson Connor Clifton 40 1 2 2
Penalty Kill 4 Players Forward
Center Wing Time % Phy DF OF
1 Tyler Bertuzzi Radek Faksa 60 1 2 2
2 Carter Ashton Chrstian Dvorak 40 1 2 2
Penalty Kill 4 Players Defense
Defense Defense Time % Phy DF OF
1 Ben Betker Artem Zub 60 1 2 2
2 Fredrik Claesson Connor Clifton 40 1 2 2
Penalty Kill - 3 Players Forward
Forward Time % Phy DF OF
1 Tyler Bertuzzi 60 1 2 2
2 Radek Faksa 40 1 2 2
Penalty Kill - 3 Players Defense
Defense Defense Time % Phy DF OF
1 Ben Betker Artem Zub 60 1 2 2
2 Fredrik Claesson Connor Clifton 40 1 2 2
4 vs 4 Forward
Center Wing Time % Phy DF OF
1 Tyler Bertuzzi Radek Faksa 60 1 2 2
2 Carter Ashton Chrstian Dvorak 40 1 2 2
4 vs 4 Defense
Defense Defense Time % Phy DF OF
1 Ben Betker Artem Zub 60 1 2 2
2 Fredrik Claesson Connor Clifton 40 1 2 2
Last Minutes Offensive
Center Left Wing Right Wing Defense Defense
Radek Faksa Tyler Bertuzzi Carter Ashton Ben Betker Artem Zub
Last Minutes Defensive
Center Left Wing Right Wing Defense Defense
Radek Faksa Tyler Bertuzzi Carter Ashton Ben Betker Artem Zub
Goaltenders
Starting : Daniel Altshuller
Backup : Louis Domingue
Extra Forwards
Normal : Alexander Nylander, Gabriel Gagne, Beck Malenstyn - PP : Alexander Nylander, Gabriel Gagne - PK : Beck Malenstyn
Extra Defensemen
Normal : Niko Mikkola, Fredrik Claesson, Connor Clifton - PP : Niko Mikkola - PK : Fredrik Claesson, Connor Clifton
Penalty Shots
Tyler Bertuzzi, Radek Faksa, Carter Ashton, Chrstian Dvorak, John Quenneville
Scratches
Corey Tropp (Healthy), Noah Juulsen (Fractured Metatarsal (Left Foot) Injury), Zack Hamill (Bruised Left Arm Injury), Connor Ingram (Healthy)
Devils
5 vs 5 Forward
Center Left Wing Right Wing Time % Phy DF OF
1 Sam Bennett Sven Baertschi Logan Shaw 40 0 2 3
2 Alan Quine Valeri Nichushkin Joonas Donskoi 30 0 2 3
3 Reid Boucher Brett Seney Conor Garland 20 0 2 3
4 Brett Howden Mason Marchment Jonny Brodzinski 10 0 2 3
5 vs 5 Defense
Defense Defense Time % Phy DF OF
1 Brandon Carlo Ben Hutton 40 1 3 1
2 Dalton Thrower Darren Dietz 30 1 3 1
3 Robbie Russo Christian Wolanin 20 1 3 1
4 Jake Bean Vincent Desharnais 10 1 3 1
PowerPlay Forward
Center Left Wing Right Wing Time % Phy DF OF
1 Sam Bennett Sven Baertschi Logan Shaw 60 0 1 4
2 Alan Quine Valeri Nichushkin Joonas Donskoi 40 0 1 4
PowerPlay Defense
Defense Defense Time % Phy DF OF
1 Brandon Carlo Ben Hutton 60 0 2 3
2 Dalton Thrower Darren Dietz 40 0 2 3
Penalty Kill 4 Players Forward
Center Wing Time % Phy DF OF
1 Sam Bennett Sven Baertschi 60 1 3 1
2 Alan Quine Valeri Nichushkin 40 1 3 1
Penalty Kill 4 Players Defense
Defense Defense Time % Phy DF OF
1 Brandon Carlo Ben Hutton 60 1 4 0
2 Dalton Thrower Darren Dietz 40 1 4 0
Penalty Kill - 3 Players Forward
Forward Time % Phy DF OF
1 Sam Bennett 60 1 2 2
2 Alan Quine 40 1 2 2
Penalty Kill - 3 Players Defense
Defense Defense Time % Phy DF OF
1 Brandon Carlo Ben Hutton 60 1 4 0
2 Dalton Thrower Darren Dietz 40 1 4 0
4 vs 4 Forward
Center Wing Time % Phy DF OF
1 Sam Bennett Sven Baertschi 60 1 2 2
2 Alan Quine Valeri Nichushkin 40 1 2 2
4 vs 4 Defense
Defense Defense Time % Phy DF OF
1 Brandon Carlo Ben Hutton 60 1 2 2
2 Dalton Thrower Darren Dietz 40 1 2 2
Last Minutes Offensive
Center Left Wing Right Wing Defense Defense
Sam Bennett Sven Baertschi Logan Shaw Brandon Carlo Ben Hutton
Last Minutes Defensive
Center Left Wing Right Wing Defense Defense
Sam Bennett Sven Baertschi Logan Shaw Brandon Carlo Ben Hutton
Goaltenders
Starting : Calvin Pickard
Backup : Juuse Saros
Extra Forwards
Normal : Valeri Nichushkin, Alan Quine, Reid Boucher - PP : Valeri Nichushkin, Alan Quine - PK : Valeri Nichushkin
Extra Defensemen
Normal : Christian Wolanin, Jake Bean, Vincent Desharnais - PP : Jake Bean - PK : Robbie Russo, Vincent Desharnais
Penalty Shots
Logan Shaw, Sven Baertschi, Sam Bennett, Joonas Donskoi, Valeri Nichushkin
Scratches
Cristiano Digiacinto (Healthy), Ilya Lyubushkin (Severed Right Wrist Tendon Injury)
% Time on Ice - Punishers
Lines # - Real PCT - Wanted PCT - Time Play
Normal Forward
1 - 34% - 40% - 16:26
2 - 29% - 30% - 14:00
3 - 23% - 20% - 11:16
4 - 13% - 10% - 6:20
Normal Defense
1 - 39% - 40% - 18:33
2 - 33% - 30% - 16:05
3 - 24% - 20% - 11:46
4 - 3% - 10% - 1:38
PP Forward
1 - 0% - 60%
2 - 0% - 40%
PP Defense
1 - 0% - 60%
2 - 0% - 40%
PK Forward
1 - 67% - 60% - 7:17
2 - 33% - 40% - 3:31
PK Defense
1 - 49% - 60% - 5:19
2 - 51% - 40% - 5:29
PK3 Forward
1 - 0% - 60%
2 - 0% - 40%
PK3 Defense
1 - 0% - 60%
2 - 0% - 40%
44 Forward
1 - 0% - 60%
2 - 0% - 40%
44 Defense
1 - 0% - 60%
2 - 0% - 40%
Last Minute Offensive - 1:10
Last Minute Defensive - 0:00
Total
Forward - 60:00
Defense - 60:00
|
% Time on Ice - Devils
Lines # - Real PCT - Wanted PCT - Time Play
Normal Forward
1 - 32% - 40% - 15:31
2 - 27% - 30% - 13:08
3 - 26% - 20% - 12:24
4 - 15% - 10% - 6:58
Normal Defense
1 - 40% - 40% - 19:20
2 - 30% - 30% - 14:17
3 - 20% - 20% - 9:30
4 - 10% - 10% - 4:54
PP Forward
1 - 54% - 60% - 5:51
2 - 46% - 40% - 4:57
PP Defense
1 - 48% - 60% - 5:14
2 - 52% - 40% - 5:34
PK Forward
1 - 0% - 60%
2 - 0% - 40%
PK Defense
1 - 0% - 60%
2 - 0% - 40%
PK3 Forward
1 - 0% - 60%
2 - 0% - 40%
PK3 Defense
1 - 0% - 60%
2 - 0% - 40%
44 Forward
1 - 0% - 60%
2 - 0% - 40%
44 Defense
1 - 0% - 60%
2 - 0% - 40%
Last Minute Offensive - 0:00
Last Minute Defensive - 1:11
Total
Forward - 60:00
Defense - 60:00
|
Play-by-Play
1st period
0:01 of 1st period - Radek Faksa wins face-off versus Sam Bennett in neutral zone.
0:27 of 1st period - Ben Hutton is hit by Artem Zub and loses puck.
0:53 of 1st period - Brandon Carlo is hit by Nikita Gusev and loses puck.
1:29 of 1st period - Minor Penalty to Alexander Nylander for Hooking.
1:30 of 1st period - Sam Bennett wins face-off versus Tyler Bertuzzi in Punishers zone.
1:31 of 1st period - Snap shot by Sven Baertschi.
1:31 of 1st period - Shot Blocked by Artem Zub.
1:33 of 1st period - Slapshot by Dalton Thrower.
1:33 of 1st period - Shot Blocked by Radek Faksa.
1:35 of 1st period - Wrist shot by Sam Bennett.
1:35 of 1st period - Stopped by Daniel Altshuller without a rebound.
1:36 of 1st period - Sam Bennett wins face-off versus Tyler Bertuzzi in Punishers zone.
1:43 of 1st period - Snap shot by Sven Baertschi.
1:43 of 1st period - Shot Blocked by Ben Betker.
2:12 of 1st period - Icing by Dalton Thrower.
2:13 of 1st period - Tyler Bertuzzi wins face-off versus Alan Quine in Devils zone.
2:52 of 1st period - Wrist shot by Alan Quine.
2:52 of 1st period - Shot Misses the Net.
2:54 of 1st period - Wrist shot by Joonas Donskoi.
2:54 of 1st period - Shot Misses the Net.
2:56 of 1st period - Slapshot by Darren Dietz.
2:56 of 1st period - Shot Misses the Net.
2:58 of 1st period - Wrist shot by Dalton Thrower.
2:58 of 1st period - Shot Blocked by Fredrik Claesson.
3:00 of 1st period - Slapshot by Valeri Nichushkin.
3:00 of 1st period - Shot Hit the Post.
3:02 of 1st period - Slapshot by Dalton Thrower.
3:02 of 1st period - Stopped by Daniel Altshuller with a rebound.
3:15 of 1st period - Wrist shot by Joonas Donskoi.
3:15 of 1st period - Stopped by Daniel Altshuller without a rebound.
3:16 of 1st period - Sam Bennett wins face-off versus Tyler Bertuzzi in Punishers zone.
3:29 of 1st period - Penalty to Alexander Nylander is over, Alexander Nylander is back on ice.
3:41 of 1st period - Slapshot by Nikita Gusev.
3:41 of 1st period - Shot Misses the Net.
4:01 of 1st period - Snap shot by Anton Blidh.
4:01 of 1st period - Deflect By Nicolas Roy.
4:01 of 1st period - Shot Misses the Net.
4:01 of 1st period - Puck is out of play.
4:02 of 1st period - Brett Howden wins face-off versus Nicolas Roy in Devils zone.
4:02 of 1st period - Brett Howden is hit by Anton Blidh.
4:12 of 1st period - Nicolas Roy is hit by Jonny Brodzinski and loses puck.
4:47 of 1st period - Snap shot by John Quenneville.
4:47 of 1st period - Deflect By Chrstian Dvorak.
4:47 of 1st period - Stopped by Calvin Pickard with a rebound.
5:19 of 1st period - Wrist shot by Alan Quine.
5:19 of 1st period - Shot Blocked by Connor Clifton.
5:29 of 1st period - Logan Shaw is hit by Tyler Bertuzzi and loses puck.
6:02 of 1st period - Backhand shot by Alan Quine.
6:02 of 1st period - Stopped by Daniel Altshuller with a rebound.
6:38 of 1st period - Snap shot by Sam Bennett.
6:38 of 1st period - Stopped by Daniel Altshuller with a rebound.
6:40 of 1st period - Wrist shot by Logan Shaw.
6:40 of 1st period - Shot Misses the Net.
6:42 of 1st period - Wrist shot by Sven Baertschi.
6:42 of 1st period - Deflect By Sam Bennett.
6:42 of 1st period - Shot Blocked by John Quenneville.
6:42 of 1st period - Puck is out of play.
6:43 of 1st period - Sam Bennett wins face-off versus John Quenneville in Punishers zone.
6:50 of 1st period - Slapshot by Sam Bennett.
6:50 of 1st period - Shot Misses the Net.
6:58 of 1st period - Wrist shot by Chrstian Dvorak.
6:58 of 1st period - Shot Misses the Net.
7:02 of 1st period - Snap shot by Chrstian Dvorak.
7:02 of 1st period - Shot Misses the Net.
7:26 of 1st period - Slapshot by John Quenneville.
7:26 of 1st period - Stopped by Calvin Pickard with a rebound.
7:28 of 1st period - Slapshot by Artem Zub.
7:28 of 1st period - Stopped by Calvin Pickard with a rebound.
7:30 of 1st period - Slapshot by Ben Betker.
7:30 of 1st period - Shot Blocked by Robbie Russo.
7:46 of 1st period - Logan Shaw is hit by Chrstian Dvorak and loses puck.
8:08 of 1st period - Robbie Russo is hit by Austen Brassard.
8:18 of 1st period - Snap shot by Chrstian Dvorak.
8:18 of 1st period - Shot Misses the Net.
8:20 of 1st period - Slapshot by Fredrik Claesson.
8:20 of 1st period - Shot Misses the Net.
8:28 of 1st period - Slapshot by Chrstian Dvorak.
8:28 of 1st period - Shot Blocked by Logan Shaw.
8:30 of 1st period - Wrist shot by Chrstian Dvorak.
8:30 of 1st period - Stopped by Calvin Pickard without a rebound.
8:31 of 1st period - Valeri Nichushkin wins face-off versus Radek Faksa in Devils zone.
8:40 of 1st period - Snap shot by Valeri Nichushkin.
8:40 of 1st period - Deflect By Tyler Bertuzzi.
8:40 of 1st period - Stopped by Daniel Altshuller without a rebound.
8:41 of 1st period - Alan Quine wins face-off versus Radek Faksa in Punishers zone.
9:02 of 1st period - Snap shot by Joonas Donskoi.
9:02 of 1st period - Shot Blocked by Ben Betker.
9:43 of 1st period - Wrist shot by Tyler Bertuzzi.
9:43 of 1st period - Stopped by Calvin Pickard with a rebound.
9:45 of 1st period - Slapshot by Ben Betker.
9:45 of 1st period - Deflect By Carter Ashton.
9:45 of 1st period - Shot Blocked by Alan Quine.
9:45 of 1st period - Puck is out of play.
9:46 of 1st period - Daniel Audette wins face-off versus Conor Garland in Devils zone.
10:22 of 1st period - Off-side.
10:23 of 1st period - Reid Boucher wins face-off versus Daniel Audette in neutral zone.
10:26 of 1st period - Snap shot by Reid Boucher.
10:26 of 1st period - Stopped by Daniel Altshuller with a rebound.
10:28 of 1st period - Slapshot by Ben Hutton.
10:28 of 1st period - Shot Blocked by Niko Mikkola.
10:30 of 1st period - Wrist shot by Reid Boucher.
10:30 of 1st period - Shot Misses the Net.
10:32 of 1st period - Snap shot by Brandon Carlo.
10:32 of 1st period - Stopped by Daniel Altshuller without a rebound.
10:33 of 1st period - Reid Boucher wins face-off versus Daniel Audette in Punishers zone.
10:55 of 1st period - Snap shot by Reid Boucher.
10:55 of 1st period - Stopped by Daniel Altshuller without a rebound.
10:56 of 1st period - Sam Bennett wins face-off versus Radek Faksa in Punishers zone.
11:03 of 1st period - Wrist shot by Radek Faksa.
11:03 of 1st period - Shot Misses the Net.
11:05 of 1st period - Slapshot by Artem Zub.
11:05 of 1st period - Shot Misses the Net.
11:07 of 1st period - Slapshot by Artem Zub.
11:07 of 1st period - Deflect By Logan Shaw.
11:07 of 1st period - Stopped by Calvin Pickard without a rebound.
11:08 of 1st period - Valeri Nichushkin wins face-off versus Radek Faksa in Devils zone.
11:38 of 1st period - Wrist shot by John Quenneville.
11:38 of 1st period - Shot Blocked by Dalton Thrower.
11:40 of 1st period - Slapshot by Artem Zub.
11:40 of 1st period - Stopped by Calvin Pickard with a rebound.
11:42 of 1st period - Slapshot by Artem Zub.
11:42 of 1st period - Stopped by Calvin Pickard with a rebound.
11:44 of 1st period - Wrist shot by Ben Betker.
11:44 of 1st period - Shot Misses the Net.
11:58 of 1st period - Slapshot by Daniel Audette.
11:58 of 1st period - Shot Blocked by Conor Garland.
12:00 of 1st period - Snap shot by Nikita Gusev.
12:00 of 1st period - Shot Misses the Net.
12:02 of 1st period - Snap shot by Connor Clifton.
12:02 of 1st period - Shot Misses the Net.
12:14 of 1st period - Dalton Thrower is hit by Tyler Bertuzzi and loses puck.
12:19 of 1st period - Snap shot by Radek Faksa.
12:19 of 1st period - Stopped by Calvin Pickard without a rebound.
12:20 of 1st period - Sam Bennett wins face-off versus Radek Faksa in Devils zone.
12:31 of 1st period - Wrist shot by Logan Shaw.
12:31 of 1st period - Stopped by Daniel Altshuller with a rebound.
12:52 of 1st period - Snap shot by Radek Faksa.
12:52 of 1st period - Shot Blocked by Brandon Carlo.
12:54 of 1st period - Snap shot by Ben Betker.
12:54 of 1st period - Stopped by Calvin Pickard with a rebound.
13:40 of 1st period - Snap shot by Radek Faksa.
13:40 of 1st period - Stopped by Calvin Pickard with a rebound.
13:42 of 1st period - Snap shot by Carter Ashton.
13:42 of 1st period - Shot Misses the Net.
13:44 of 1st period - Snap shot by Tyler Bertuzzi.
13:44 of 1st period - Goal by Tyler Bertuzzi - Punishers : 1 - Devils : 0.
13:45 of 1st period - Alan Quine wins face-off versus John Quenneville in neutral zone.
13:52 of 1st period - Wrist shot by Valeri Nichushkin.
13:52 of 1st period - Stopped by Daniel Altshuller with a rebound.
14:28 of 1st period - Connor Clifton is hit by Darren Dietz.
14:40 of 1st period - Backhand shot by Brett Seney.
14:40 of 1st period - Stopped by Daniel Altshuller with a rebound.
15:02 of 1st period - Snap shot by John Quenneville.
15:02 of 1st period - Stopped by Calvin Pickard without a rebound.
15:03 of 1st period - Alan Quine wins face-off versus Daniel Audette in Devils zone.
15:16 of 1st period - Slapshot by Ben Hutton.
15:16 of 1st period - Stopped by Daniel Altshuller without a rebound.
15:17 of 1st period - Radek Faksa wins face-off versus Sam Bennett in Punishers zone.
15:31 of 1st period - Off-side.
15:32 of 1st period - John Quenneville wins face-off versus Alan Quine in neutral zone.
15:35 of 1st period - Slapshot by Artem Zub.
15:35 of 1st period - Deflect By Chrstian Dvorak.
15:35 of 1st period - Stopped by Calvin Pickard without a rebound.
15:36 of 1st period - Alan Quine wins face-off versus John Quenneville in Devils zone.
15:36 of 1st period - Alan Quine is hit by Austen Brassard.
16:04 of 1st period - Brandon Carlo is hit by Carter Ashton and loses puck.
16:11 of 1st period - Wrist shot by Ben Hutton.
16:11 of 1st period - Shot Misses the Net.
17:03 of 1st period - Darren Dietz is hit by Chrstian Dvorak and loses puck.
18:27 of 1st period - Reid Boucher is hit by John Quenneville and loses puck.
18:42 of 1st period - Slapshot by Conor Garland.
18:42 of 1st period - Deflect By Chrstian Dvorak.
18:42 of 1st period - Stopped by Daniel Altshuller without a rebound.
18:43 of 1st period - Radek Faksa wins face-off versus Sam Bennett in Punishers zone.
19:20 of 1st period - Dalton Thrower is hit by Carter Ashton and loses puck.
Goals for this period are 1 for Punishers vs 0 for Devils.
Shots for this period are 14 for Punishers vs 14 for Devils.
2nd period
0:01 of 2nd period - Sam Bennett wins face-off versus Radek Faksa in neutral zone.
0:36 of 2nd period - Brandon Carlo is hit by John Quenneville and loses puck.
0:49 of 2nd period - Ben Hutton is hit by Alex Schoenborn.
2:00 of 2nd period - Jonny Brodzinski is hit by Austen Brassard and loses puck.
2:17 of 2nd period - Michael Joly is hit by Reid Boucher and loses puck.
2:51 of 2nd period - Dalton Thrower is hit by Nicolas Roy and loses puck.
2:59 of 2nd period - Darren Dietz is hit by Fredrik Claesson and loses puck.
3:26 of 2nd period - Darren Dietz is hit by Niko Mikkola and loses puck.
3:46 of 2nd period - Brandon Carlo is hit by Fredrik Claesson and loses puck.
3:53 of 2nd period - Slapshot by Brett Seney.
3:53 of 2nd period - Deflect By Conor Garland.
3:53 of 2nd period - Shot Misses the Net.
3:53 of 2nd period - Puck is out of play.
3:54 of 2nd period - Radek Faksa wins face-off versus Sam Bennett in Punishers zone.
4:01 of 2nd period - Sam Bennett is hit by Ben Betker and loses puck.
4:08 of 2nd period - Snap shot by Robbie Russo.
4:08 of 2nd period - Deflect By Tyler Bertuzzi.
4:08 of 2nd period - Stopped by Daniel Altshuller without a rebound.
4:09 of 2nd period - John Quenneville wins face-off versus Alan Quine in Punishers zone.
4:24 of 2nd period - Snap shot by John Quenneville.
4:24 of 2nd period - Deflect By Austen Brassard.
4:24 of 2nd period - Shot Blocked by Joonas Donskoi.
4:24 of 2nd period - Puck is out of play.
4:25 of 2nd period - Sven Baertschi wins face-off versus Radek Faksa in Devils zone.
4:57 of 2nd period - Snap shot by Alan Quine.
4:57 of 2nd period - Deflect By Austen Brassard.
4:57 of 2nd period - Stopped by Daniel Altshuller with a rebound.
4:59 of 2nd period - Snap shot by Joonas Donskoi.
4:59 of 2nd period - Shot Misses the Net.
5:01 of 2nd period - Snap shot by Valeri Nichushkin.
5:01 of 2nd period - Stopped by Daniel Altshuller without a rebound.
5:02 of 2nd period - Joonas Donskoi wins face-off versus John Quenneville in Punishers zone.
5:10 of 2nd period - Minor Penalty to Connor Clifton for Goalie Interference.
5:11 of 2nd period - Sam Bennett wins face-off versus Tyler Bertuzzi in Punishers zone.
5:51 of 2nd period - Ben Hutton is hit by Ben Betker and loses puck.
7:07 of 2nd period - Artem Zub is hit by Darren Dietz and loses puck.
7:10 of 2nd period - Penalty to Connor Clifton is over, Connor Clifton is back on ice.
8:19 of 2nd period - Fredrik Claesson is hit by Sam Bennett and loses puck.
8:38 of 2nd period - Valeri Nichushkin is hit by Radek Faksa and loses puck.
8:53 of 2nd period - Darren Dietz is hit by Austen Brassard and loses puck.
9:55 of 2nd period - Niko Mikkola is hit by Valeri Nichushkin.
10:01 of 2nd period - Joonas Donskoi is hit by Austen Brassard and loses puck.
10:24 of 2nd period - Michael Joly is hit by Logan Shaw.
10:45 of 2nd period - Conor Garland is hit by Carter Ashton and loses puck.
11:14 of 2nd period - Backhand shot by Jake Bean.
11:14 of 2nd period - Stopped by Daniel Altshuller without a rebound.
11:15 of 2nd period - Sam Bennett wins face-off versus Radek Faksa in Punishers zone.
11:45 of 2nd period - Brett Howden is hit by Radek Faksa and loses puck.
11:58 of 2nd period - Wrist shot by Radek Faksa.
11:58 of 2nd period - Stopped by Calvin Pickard without a rebound.
11:59 of 2nd period - Sven Baertschi wins face-off versus John Quenneville in Devils zone.
11:59 of 2nd period - Sven Baertschi is hit by John Quenneville.
12:11 of 2nd period - Wrist shot by Logan Shaw.
12:11 of 2nd period - Stopped by Daniel Altshuller without a rebound.
12:12 of 2nd period - John Quenneville wins face-off versus Sam Bennett in Punishers zone.
12:14 of 2nd period - Minor Penalty to Ben Betker for Cross-checking.
12:15 of 2nd period - Sam Bennett wins face-off versus Tyler Bertuzzi in Punishers zone.
14:14 of 2nd period - Penalty to Ben Betker is over, Ben Betker is back on ice.
14:26 of 2nd period - Slapshot by Nikita Gusev.
14:26 of 2nd period - Stopped by Calvin Pickard without a rebound.
14:27 of 2nd period - Reid Boucher wins face-off versus Daniel Audette in Devils zone.
15:23 of 2nd period - Slapshot by Carter Ashton.
15:23 of 2nd period - Shot Blocked by Ben Hutton.
15:49 of 2nd period - Off-side.
15:50 of 2nd period - John Quenneville wins face-off versus Reid Boucher in neutral zone.
15:53 of 2nd period - Slapshot by Ben Betker.
15:53 of 2nd period - Shot Blocked by Darren Dietz.
16:05 of 2nd period - Snap shot by Reid Boucher.
16:05 of 2nd period - Deflect By Brett Seney.
16:05 of 2nd period - Stopped by Daniel Altshuller with a rebound.
16:15 of 2nd period - Dalton Thrower is hit by Artem Zub.
16:16 of 2nd period - Dalton Thrower from Devils is injured at 16:16 of 2nd period (Left Hip).
16:17 of 2nd period - Radek Faksa wins face-off versus Sam Bennett in Devils zone.
16:18 of 2nd period - Wrist shot by Carter Ashton.
16:18 of 2nd period - Stopped by Calvin Pickard with a rebound.
16:31 of 2nd period - Sam Bennett is hit by Carter Ashton and loses puck.
16:54 of 2nd period - Backhand shot by Chrstian Dvorak.
16:54 of 2nd period - Shot Misses the Net.
16:56 of 2nd period - Wrist shot by John Quenneville.
16:56 of 2nd period - Stopped by Calvin Pickard without a rebound.
16:57 of 2nd period - Alan Quine wins face-off versus Daniel Audette in Devils zone.
17:02 of 2nd period - Joonas Donskoi is hit by Fredrik Claesson and loses puck.
17:21 of 2nd period - Minor Penalty to Connor Clifton for Roughing.
17:22 of 2nd period - Sam Bennett wins face-off versus Tyler Bertuzzi in Punishers zone.
17:35 of 2nd period - Snap shot by Sam Bennett.
17:35 of 2nd period - Stopped by Daniel Altshuller without a rebound.
17:36 of 2nd period - Sam Bennett wins face-off versus Tyler Bertuzzi in Punishers zone.
18:42 of 2nd period - Wrist shot by Carter Ashton.
18:42 of 2nd period - Shot Blocked by Darren Dietz.
19:21 of 2nd period - Penalty to Connor Clifton is over, Connor Clifton is back on ice.
Goals for this period are 0 for Punishers vs 0 for Devils.
Shots for this period are 4 for Punishers vs 7 for Devils.
3rd period
0:01 of 3rd period - Radek Faksa wins face-off versus Sam Bennett in neutral zone.
0:31 of 3rd period - Slapshot by Christian Wolanin.
0:31 of 3rd period - Stopped by Daniel Altshuller without a rebound.
0:32 of 3rd period - Alan Quine wins face-off versus John Quenneville in Punishers zone.
0:57 of 3rd period - Sam Bennett is hit by Tyler Bertuzzi and loses puck.
1:22 of 3rd period - Darren Dietz is hit by Michael Joly and loses puck.
1:29 of 3rd period - Slapshot by Brandon Carlo.
1:29 of 3rd period - Deflect By Nikita Gusev.
1:29 of 3rd period - Stopped by Daniel Altshuller without a rebound.
1:30 of 3rd period - Radek Faksa wins face-off versus Alan Quine in Punishers zone.
1:34 of 3rd period - Off-side.
1:35 of 3rd period - Alan Quine wins face-off versus Radek Faksa in neutral zone.
1:35 of 3rd period - Ben Hutton is hit by Radek Faksa and loses puck.
1:48 of 3rd period - Slapshot by Alan Quine.
1:48 of 3rd period - Stopped by Daniel Altshuller without a rebound.
1:49 of 3rd period - Radek Faksa wins face-off versus Sven Baertschi in Punishers zone.
1:56 of 3rd period - Snap shot by Carter Ashton.
1:56 of 3rd period - Deflect By Radek Faksa.
1:56 of 3rd period - Deflect By Sven Baertschi.
1:56 of 3rd period - Shot Misses the Net.
1:56 of 3rd period - Puck is out of play.
1:57 of 3rd period - Radek Faksa wins face-off versus Sam Bennett in Devils zone.
1:58 of 3rd period - Slapshot by Carter Ashton.
1:58 of 3rd period - Stopped by Calvin Pickard without a rebound.
1:59 of 3rd period - Radek Faksa wins face-off versus Sam Bennett in Devils zone.
2:25 of 3rd period - Wrist shot by Carter Ashton.
2:25 of 3rd period - Stopped by Calvin Pickard without a rebound.
2:26 of 3rd period - John Quenneville wins face-off versus Alan Quine in Devils zone.
2:27 of 3rd period - Wrist shot by Chrstian Dvorak.
2:27 of 3rd period - Stopped by Calvin Pickard without a rebound.
2:28 of 3rd period - John Quenneville wins face-off versus Alan Quine in Devils zone.
3:33 of 3rd period - Robbie Russo is hit by Artem Zub and loses puck.
3:58 of 3rd period - Christian Wolanin is hit by Chrstian Dvorak and loses puck.
5:06 of 3rd period - Minor Penalty to Anton Blidh for Holding.
5:07 of 3rd period - Tyler Bertuzzi wins face-off versus Sam Bennett in Punishers zone.
5:07 of 3rd period - Tyler Bertuzzi is hit by Sam Bennett.
5:36 of 3rd period - Radek Faksa is hit by Ben Hutton and loses puck.
5:59 of 3rd period - Slapshot by Darren Dietz.
5:59 of 3rd period - Goal by Darren Dietz - Punishers : 1 - Devils : 1.
6:00 of 3rd period - Radek Faksa wins face-off versus Reid Boucher in neutral zone.
6:03 of 3rd period - Wrist shot by Tyler Bertuzzi.
6:03 of 3rd period - Stopped by Calvin Pickard with a rebound.
6:37 of 3rd period - Minor Penalty to Austen Brassard for Hooking.
6:38 of 3rd period - Sam Bennett wins face-off versus Tyler Bertuzzi in Punishers zone.
6:42 of 3rd period - Wrist shot by Logan Shaw.
6:42 of 3rd period - Stopped by Daniel Altshuller with a rebound.
6:44 of 3rd period - Slapshot by Ben Hutton.
6:44 of 3rd period - Deflect By Sam Bennett.
6:44 of 3rd period - Shot Misses the Net.
6:44 of 3rd period - Puck is out of play.
6:45 of 3rd period - Tyler Bertuzzi wins face-off versus Sam Bennett in Punishers zone.
8:28 of 3rd period - Brandon Carlo is hit by Daniel Audette and loses puck.
8:37 of 3rd period - Penalty to Austen Brassard is over, Austen Brassard is back on ice.
9:44 of 3rd period - Joonas Donskoi is hit by Fredrik Claesson and loses puck.
10:43 of 3rd period - Conor Garland is hit by Ben Betker and loses puck.
11:16 of 3rd period - Brandon Carlo is hit by Ben Betker and loses puck.
11:58 of 3rd period - Wrist shot by Chrstian Dvorak.
11:58 of 3rd period - Stopped by Calvin Pickard with a rebound.
12:04 of 3rd period - Tyler Bertuzzi is hit by Darren Dietz and loses puck.
12:27 of 3rd period - Snap shot by Austen Brassard.
12:27 of 3rd period - Shot Misses the Net.
12:29 of 3rd period - Snap shot by Chrstian Dvorak.
12:29 of 3rd period - Shot Blocked by Valeri Nichushkin.
13:35 of 3rd period - Icing by Radek Faksa.
13:36 of 3rd period - Alan Quine wins face-off versus Radek Faksa in Punishers zone.
13:39 of 3rd period - Snap shot by Joonas Donskoi.
13:39 of 3rd period - Stopped by Daniel Altshuller without a rebound.
13:40 of 3rd period - Radek Faksa wins face-off versus Sam Bennett in Punishers zone.
13:49 of 3rd period - Slapshot by Radek Faksa.
13:49 of 3rd period - Shot Misses the Net.
14:05 of 3rd period - Christian Wolanin is hit by John Quenneville and loses puck.
14:10 of 3rd period - Wrist shot by John Quenneville.
14:10 of 3rd period - Deflect By Chrstian Dvorak.
14:10 of 3rd period - Stopped by Calvin Pickard with a rebound.
14:12 of 3rd period - Snap shot by Niko Mikkola.
14:12 of 3rd period - Deflect By Chrstian Dvorak.
14:12 of 3rd period - Shot Misses the Net.
14:12 of 3rd period - Puck is out of play.
14:13 of 3rd period - John Quenneville wins face-off versus Sam Bennett in Devils zone.
14:22 of 3rd period - Snap shot by Chrstian Dvorak.
14:22 of 3rd period - Stopped by Calvin Pickard without a rebound.
14:23 of 3rd period - Sam Bennett wins face-off versus John Quenneville in Devils zone.
14:51 of 3rd period - Off-side.
14:52 of 3rd period - Alan Quine wins face-off versus Radek Faksa in neutral zone.
15:03 of 3rd period - Wrist shot by Alan Quine.
15:03 of 3rd period - Goal by Alan Quine - Punishers : 1 - Devils : 2.
15:04 of 3rd period - Daniel Audette wins face-off versus Sam Bennett in neutral zone.
15:09 of 3rd period - Sam Bennett is hit by Nikita Gusev and loses puck.
15:32 of 3rd period - Snap shot by Tyler Bertuzzi.
15:32 of 3rd period - Shot Misses the Net.
15:34 of 3rd period - Slapshot by Radek Faksa.
15:34 of 3rd period - Stopped by Calvin Pickard without a rebound.
15:35 of 3rd period - Radek Faksa wins face-off versus Alan Quine in Devils zone.
15:40 of 3rd period - Wrist shot by Radek Faksa.
15:40 of 3rd period - Shot Misses the Net.
16:09 of 3rd period - Wrist shot by Ben Hutton.
16:09 of 3rd period - Stopped by Daniel Altshuller with a rebound.
16:27 of 3rd period - Artem Zub is hit by Conor Garland and loses puck.
17:01 of 3rd period - Slapshot by Conor Garland.
17:01 of 3rd period - Stopped by Daniel Altshuller without a rebound.
17:02 of 3rd period - Logan Shaw wins face-off versus Daniel Audette in Punishers zone.
17:13 of 3rd period - Wrist shot by Nikita Gusev.
17:13 of 3rd period - Deflect By Daniel Audette.
17:13 of 3rd period - Shot Blocked by Brandon Carlo.
17:13 of 3rd period - Puck is out of play.
17:14 of 3rd period - Daniel Audette wins face-off versus Sam Bennett in Devils zone.
18:02 of 3rd period - Brandon Carlo is hit by Fredrik Claesson.
18:38 of 3rd period - Snap shot by Daniel Audette.
18:38 of 3rd period - Stopped by Calvin Pickard with a rebound.
18:55 of 3rd period - Jake Bean is hit by Niko Mikkola and loses puck.
18:58 of 3rd period - Punishers, Daniel Altshuller is pulled from the net.
19:14 of 3rd period - Snap shot by Carter Ashton.
19:14 of 3rd period - Stopped by Calvin Pickard with a rebound.
19:16 of 3rd period - Wrist shot by Tyler Bertuzzi.
19:16 of 3rd period - Stopped by Calvin Pickard with a rebound.
19:18 of 3rd period - Slapshot by Niko Mikkola.
19:18 of 3rd period - Stopped by Calvin Pickard with a rebound.
19:20 of 3rd period - Wrist shot by Tyler Bertuzzi.
19:20 of 3rd period - Shot Misses the Net.
19:22 of 3rd period - Slapshot by Anton Blidh.
19:22 of 3rd period - Stopped by Calvin Pickard with a rebound.
19:24 of 3rd period - Snap shot by Tyler Bertuzzi.
19:24 of 3rd period - Shot Misses the Net.
19:26 of 3rd period - Slapshot by Niko Mikkola.
19:26 of 3rd period - Shot Misses the Net.
19:28 of 3rd period - Slapshot by Niko Mikkola.
19:28 of 3rd period - Shot Blocked by Sven Baertschi.
19:30 of 3rd period - Slapshot by Anton Blidh.
19:30 of 3rd period - Shot Blocked by Sven Baertschi.
19:32 of 3rd period - Slapshot by Niko Mikkola.
19:32 of 3rd period - Shot Misses the Net.
19:48 of 3rd period - Wrist shot by Radek Faksa.
19:48 of 3rd period - Stopped by Calvin Pickard with a rebound.
19:50 of 3rd period - Slapshot by Niko Mikkola.
19:50 of 3rd period - Deflect By Radek Faksa.
19:50 of 3rd period - Shot Misses the Net.
19:50 of 3rd period - Puck is out of play.
19:51 of 3rd period - Claude Noël call a timeout for Punishers.
19:51 of 3rd period - Radek Faksa wins face-off versus Sven Baertschi in Devils zone.
Goals for this period are 0 for Punishers vs 2 for Devils.
Shots for this period are 14 for Punishers vs 9 for Devils.